 Dungeon Crawl Stone Soup version 0.25.0-11-g1f837a76a1 (webtiles) character file.

Game seed: 13427126631358745460

501637 grindst0ne the Cloud Mage (level 25, -3/202 HPs)
             Began as a Tengu Air Elementalist on June 23, 2020.
             Was the Champion of Vehumet.
             Slain by a tentacled monstrosity (7 damage)
             ... on level 5 of the Vaults on June 24, 2020.
             The game lasted 06:50:16 (94260 turns).

grindst0ne the Cloud Mage (Tengu Air Elementalist) Turns: 94260, Time: 06:50:17

Health: -3/202     AC: 40    Str: 11    XL:     25   Next: 23%
Magic:  54/54      EV: 23    Int: 25    God:    Vehumet [******]
Gold:   3384       SH:  0    Dex: 17    Spells: 3/58 levels left

rFire    + + +     SeeInvis +   a - +5 broad axe (freeze)
rCold    + . .     Gourm    .   W - +2 kite shield {rF+}
rNeg     + + +     Faith    .   (armour currently unavailable)
rPois    ∞         Spirit   .   k - +3 crown of Dyrovepreva {rElec Int+2 SInv}
rElec    +         Reflect  +   J - +2 cloak {rF+}
rCorr    .         Harm     .   (gloves currently unavailable)
MR       +....                  (boots unavailable)
Stlth    ..........             G - amulet of Xemorgh {Reflect rElec rN+ MP+9 SH+5}
HPRegen  0.43/turn              U - ring "Wepisoh" {rElec rC+ rN+ AC+4 Stlth-}
MPRegen  0.34/turn              h - ring of Cioxeir {rPois rF+ rN+ MR+ SInv}

@: confused, statue-form, vulnerable, flying quickly and evasively, glowing,
constricted, silenced, very slow
A: beak, talons 3, able to fly
}: 2/15 runes: barnacled, gossamer
a: Stop Flying, End Transformation, Renounce Religion


You were on level 5 of the Vaults.
You worshipped Vehumet.
Vehumet was exalted by your worship.
You were not hungry.
You were a stone statue.
You visited 9 branches of the dungeon, and saw 45 of its levels.
You visited 1 bazaar.
You also visited: Sewer, Bailey, Gauntlet and Volcano.

You collected 8383 gold pieces.
You spent 4999 gold pieces at shops.

Inventory:

Hand Weapons
 a - a +5 broad axe of freezing (weapon)
Missiles
 i - 5 curare-tipped darts (quivered)
Armour
 k - the +3 crown of Dyrovepreva (worn) {rElec Int+2 SInv}
   (You found it on level 1 of the Spider Nest)

   It affects your intelligence (+2).
   It insulates you from electricity.
   It lets you see invisible.
 r - a +2 pair of gloves (melded)
 J - a +2 cloak of fire resistance (worn)
 L - a +2 robe of the Archmagi (melded)
 W - a +2 kite shield of fire resistance (worn)
Magical Staves
 b - an uncursed staff of energy
 s - an uncursed staff of air
Jewellery
 h - the ring of Cioxeir (right hand) {rPois rF+ rN+ MR+ SInv}
   (You took it off a merfolk impaler on level 4 of the Shoals)

   [ring of protection from fire]

   It protects you from fire.
   It protects you from poison.
   It protects you from negative energy.
   It affects your resistance to hostile enchantments.
   It lets you see invisible.
 m - an uncursed amulet of magic regeneration
 y - an uncursed ring of protection from cold
 G - the amulet of Xemorgh (around neck) {Reflect rElec rN+ MP+9 SH+5}
   (You found it on level 2 of the Vaults)

   [amulet of reflection]

   It shields you and reflects attacks.
   It insulates you from electricity.
   It protects you from negative energy.
   It affects your magic capacity (+9).
   It affects your SH (+5).
 H - a +6 ring of intelligence
 O - the ring of Agnosticism {Wiz Str+2}
   (You took it off a deep elf sorcerer on level 3 of the Elven Halls)

   [ring of wizardry]

   It improves your spell success rate.
   It affects your strength (+2).
 P - the ring of Phasing {EV+8}
   (You took it off a deep elf master archer on level 3 of the Elven Halls)

   [ring of evasion]

   It affects your evasion (+8).
 U - the ring "Wepisoh" (left hand) {rElec rC+ rN+ AC+4 Stlth-}
   (You found it in a Gauntlet)

   [ring of protection]

   It affects your AC (+4).
   It protects you from cold.
   It insulates you from electricity.
   It protects you from negative energy.
   It makes you less stealthy.
Wands
 q - a wand of clouds (14)
 E - a wand of paralysis (15)
 K - a wand of acid (8)
 N - a wand of disintegration (24)
 Q - a wand of digging (13)
Scrolls
 g - 5 scrolls of brand weapon
 l - 3 scrolls of teleportation
 n - 5 scrolls of amnesia
 t - 4 scrolls of blinking
 u - 14 scrolls of fear
 v - 6 scrolls of fog
 w - 8 scrolls of magic mapping
 x - 8 scrolls of enchant armour
 B - a scroll of holy word
 C - 3 scrolls of torment
 D - 22 scrolls of remove curse
 I - 7 scrolls of identify
 M - a scroll of acquirement
 Y - a scroll of summoning
 Z - 4 scrolls of silence
Potions
 e - 9 potions of mutation
 j - 3 potions of curing
 o - 4 potions of invisibility
 p - 5 potions of ambrosia
 z - 8 potions of magic
 A - 13 potions of might
 F - 9 potions of stabbing
 S - a potion of cancellation
 T - a potion of brilliance
 V - 2 potions of resistance
Miscellaneous
 d - a lightning rod (4/4)
 f - 2 phantom mirrors
 R - a box of beasts
 X - a tin of tremorstones (2/3)
Comestibles
 c - 37 rations


   Skills:
 + Level 15.3 Fighting
 - Level 7.0 Axes
 + Level 12.4 Dodging
 - Level 2.0 Stealth
 - Level 15.0 Shields
 - Level 17.0 Spellcasting
 - Level 11.3 Conjurations
 + Level 4.6 Translocations
 + Level 15.1 Transmutations
 - Level 5.0 Fire Magic
 - Level 4.0 Ice Magic
 - Level 24.1 Air Magic
 - Level 7.0 Earth Magic
 - Level 10.0 Evocations


You had 3 spell levels left.
You knew the following spells:

 Your Spells              Type           Power        Failure   Level  Hunger
a - Freezing Cloud        Conj/Ice/Air   ######....   1%          6    ####...
b - Airstrike             Air            #######...   0%          4    None
c - Fireball              Conj/Fire      ######....   1%          5    None
d - Statue Form           Tmut/Erth      ######...    3%          6    ####...
e - Apportation           Tloc           #####.       1%          1    None
f - Chain Lightning       Conj/Air       #######...   3%          8    #######
g - Summon Butterflies    Summ           ###.....     2%          1    None
h - Tornado               Air            #######...   3%          9    #######
i - Blink                 Tloc           N/A          1%          2    None
j - Summon Lightning Spi  Summ/Air       ######..     1%          4    None
k - Passage of Golubria   Tloc           N/A          3%          4    None
l - Lee's Rapid Deconstr  Erth           ######....   1%          5    None

Your spell library contained the following spells:

 Spells                   Type           Power        Failure   Level  Hunger
 Ignition                 Fire           #####.....   99%         8    #######
 Shatter                  Erth           ######....   100%        9    #######
 Magic Dart               Conj           ####         0%          1    None
 Shock                    Conj/Air       ####         0%          1    None
 Static Discharge         Conj/Air       #######.     0%          3    None
 Foxfire                  Conj/Fire      ####         1%          1    None
 Sandblast                Erth           ######       1%          1    None
 Sting                    Tmut/Pois      ####         1%          1    None
 Corpse Rot               Necr/Air       N/A          1%          2    None
 Ensorcelled Hibernation  Hex/Ice        ####..       1%          2    None
 Passwall                 Tmut/Erth      ######..     1%          2    None
 Poisonous Vapours        Pois/Air       ######       1%          2    None
 Searing Ray              Conj           ######       1%          2    None
 Shroud of Golubria       Chrm/Tloc      ####..       1%          2    None
 Swiftness                Chrm/Air       ######..     1%          2    None
 Conjure Flame            Conj/Fire      ######..     1%          3    None
 Dazzling Flash           Conj/Hex       #####.       1%          3    None
 Gell's Gravitas          Tloc           #####.....   1%          3    None
 Ignite Poison            Fire/Tmut/Pois ######..     1%          3    None
 Inner Flame              Hex/Fire       ####....     1%          3    None
 Lesser Beckoning         Tloc           #####.....   1%          3    None
 Mephitic Cloud           Conj/Pois/Air  ######..     1%          3    None
 Stone Arrow              Conj/Erth      ######       1%          3    None
 Teleport Other           Tloc           #####...     1%          3    None
 Corona                   Hex            ###....      2%          1    None
 Call Imp                 Summ           ###.....     3%          2    None
 Slow                     Hex            ###.....     3%          2    None
 Sublimation of Blood     Necr           ###.......   3%          2    None
 Call Canine Familiar     Summ           ###.....     7%          3    None
 Confusing Touch          Hex            ###.....     7%          3    None
 Tukima's Dance           Hex            ###.....     7%          3    None
 Fulminant Prism          Conj/Hex       #####.....   1%          4    None
 Iskenderun's Mystic Bla  Conj/Tloc      ######..     1%          4    None
 Petrify                  Tmut/Erth      ######..     1%          4    None
 Sticky Flame             Conj/Fire      ######..     1%          4    None
 Bolt of Magma            Conj/Fire/Erth ######....   1%          5    None
 Irradiate                Conj/Tmut      ######....   1%          5    None
 Iskenderun's Battlesphe  Conj/Chrm      #####...     1%          5    None
 Lightning Bolt           Conj/Air       #######...   1%          5    None
 Silence                  Hex/Air        ######....   1%          5    None
 Yara's Violent Unravell  Hex/Tmut       ######....   1%          5    None
 Conjure Ball Lightning   Conj/Air       #######...   1%          6    ####...
 Hydra Form               Tmut           #######...   1%          6    ####...
 Iron Shot                Conj/Erth      ######....   2%          6    ####...
 Alistair's Intoxication  Tmut/Pois      ######..     3%          5    None
 Leda's Liquefaction      Hex/Erth       #####.....   5%          4    None
 Orb of Destruction       Conj           ######....   5%          7    #####..
 Olgreb's Toxic Radiance  Pois           ###.....     7%          4    None
 Summon Ice Beast         Ice/Summ       ####....     11%         4    None
 Eringya's Noxious Bog    Tmut/Pois      ######....   16%         6    ####...
 Dispel Undead            Necr           ###.....     24%         4    None
 Summon Forest            Summ/Tloc      ####......   26%         5    None
 Spellforged Servitor     Conj/Summ      #####.....   43%         7    #####..
 Agony                    Necr           ###.....     54%         5    None
 Excruciating Wounds      Chrm/Necr      ###.......   54%         5    None
 Summon Mana Viper        Hex/Summ       ###.....     54%         5    None
 Invisibility             Hex            ###.....     98%         6    ####...
 Summon Hydra             Summ           ###.......   100%        7    #####..
 Discord                  Hex            ###.......   100%        8    #######


Dungeon Overview and Level Annotations

Branches:
Dungeon (15/15)            Temple (1/1) D:6            Lair (6/6) D:11
 Shoals (4/4) Lair:3       Spider (4/4) Lair:4        Slime (0/5) Lair:6
    Orc (2/2) D:10            Elf (3/3) Orc:2        Vaults (5/5) D:14
  Crypt (0/3) Vaults:2     Depths (5/5) D:15            Zot (0/5) Depths:5
  Sewer (visited)          Bailey (visited)         Volcano (visited)
Gauntlet (visited)

Altars:
Ashenzari
Cheibriados
Dithmenos
Elyvilon
Fedhas
Gozag
Hepliaklqana
Kikubaaqudgha
Makhleb
Nemelex Xobeh
Okawaru
Qazlal
Ru
Sif Muna
Trog
Uskayaw
Vehumet
Wu Jian
Xom
Yredelemnul
Zin
The Shining One
Beogh
Jiyva

Shops:
D:13 [=![   Orc:2 !*}??   Elf:1 (*:   Vaults:2 !   Vaults:4 [(%   Depths:1 *=
Depths:3 *   Depths:4 }}=}

Portals:
Hell: Depths:1 Depths:2 Depths:3 Depths:4 Depths:5
Abyss: Depths:1 Depths:4
Pandemonium: Depths:3
Ziggurat: Depths:1

Annotations:
D:5 exclusion: downstairs
D:10 1 runed translucent door, HoaS's ghost, journeyman GrGl
D:12 exclusion: downstairs
D:13 exclusion: 2 downstairs
Lair:3 1 runed translucent door, Xiemaice's ghost, journeyman DrFE
Shoals:2 exclusion: downstairs
Shoals:3 exclusion: downstairs
Orc:1 exclusion: downstairs
Vaults:5 Mennas
Depths:3 exclusion: downstairs
Depths:4 exclusion: downstairs


Innate Abilities, Weirdness & Mutations

You have a beak for a mouth.
You have claws for feet.
You can fly continuously.


Message History

Okay, then.
Evoke which item? (* to show all) (? for menu, Esc to quit)
Okay, then.
Okay, then.
Evoke which item? (* to show all) (? for menu, Esc to quit)
Okay, then.
You are confused.
You feel invigorated.
The swamp worm changes into a wolf spider!
The elephant changes into a lindwurm!
The quicksilver dragon misses you.
The quicksilver dragon barely misses you.
Mennas hits you but does no damage.
Mennas hits you from afar with a +0 trishula of holy wrath!
* * * LOW HITPOINT WARNING * * *
The phantasmal warrior completely misses you.
The tentacled monstrosity is engulfed in freezing vapours.
The tentacled monstrosity tentacle-slaps you but does no damage.
The tentacled monstrosity misses you.
The tentacled monstrosity tentacle-slaps you but does no damage.
You die...

....#....#
...#....#
###.C#....# #
.........#.#.
.......o....
#####[Ce[...O##
.§§§§§DDeo.....
.§§§§WX8Wo<....
.§§§§§eDpA.....
.§§§..pp[......
#####.k.....s##
..........#
.$.#....#.#c
#...#....##.#
##..#....# ..


You could see Mennas (strong, silencing), a tentacled monstrosity, an iron
dragon, a storm dragon, a quicksilver dragon, a vault warden, a yaktaur captain,
an orc knight, a deep elf annihilator, 2 ettins, a deep elf sorcerer, a wolf
spider shaped shifter, a lindwurm shaped shifter, 2 phantasmal warriors, 2
ironbrand convokers, a deep elf mage, an ogre and 2 orc priests.

Vanquished Creatures
  A juggernaut (Depths:5)
  Bai Suzhen (Spider:2)
  Frederick (Depths:3)
  5 caustic shrikes
  A golden dragon (Depths:5)
  Nikola (Spider:3)
  A bone dragon (Depths:5)
  Arachne (Spider:3)
  A tentacled monstrosity (Depths:4)
  4 deep elf blademasters
  6 liches
  2 deep elf master archers (Elf:3)
  Frances (D:13)
  A sphinx (Depths:3)
  Kirke (Shoals:1)
  Agnes (D:15)
  A shadow dragon (Depths:5)
  2 tengu reavers
  Donald (Orc:2)
  Roxanne (Spider:4)
  6 fire giants
  13 frost giants
  3 ghost moths (Spider:4)
  The ghost of Ityacy the Geomancer, an adept GrEE of Vehumet (D:15)
  8 deep elf sorcerers
  9 vault wardens
  Louise (Spider:4)
  4 emperor scorpions
  A draconian stormcaller (Depths:5)
  7 ironheart preservers
  2 spriggan defenders (Depths:4)
  A war gargoyle (Vaults:5)
  21 very ugly things
  6 entropy weavers
  13 stone giants
  9 deep elf demonologists
  A green draconian (Depths:5)
  A black draconian (Depths:4)
  6 vampire knights
  3 deep elf annihilators (Elf:3)
  8 spark wasps
  Azrael (Elf:1)
  3 white draconians
  3 red draconians (Depths:5)
  A minotaur (Gauntlet)
  5 ettins
  15 fire dragons
  Snorg (D:14)
  8 merfolk javelineers
  Josephine (D:12)
  6 deep elf death magi
  12 great orbs of eyes
  10 merfolk impalers
  Erolcha (D:10)
  Harold (Lair:2)
  13 yaktaur captains
  17 ice dragons
  2 deep elf high priests (Elf:3)
  6 rakshasas
  27 vault guards
  9 hydras
  15 centaur warriors
  4 merfolk aquamancers
  A merfolk avatar (Shoals:4)
  8 deep troll shamans
  A catoblepas (shapeshifter) (Depths:4)
  34 two-headed ogres
  34 dancing weapons
  A death knight (Vaults:4)
  4 satyrs
  2 alligator snapping turtles (Shoals:4)
  12 ogre magi
  6 spriggan air magi
  2 catoblepae
  6 tengu warriors
  A hell hog (Gauntlet)
  A queen ant (Spider:3)
  2 death scarabs (Gauntlet)
  6 deep troll earth magi
  A death yak (Lair:4)
  An orc high priest (Orc:2)
  15 hell knights
  2 thrashing horrors (Gauntlet)
  A vampire mage (Depths:2)
  5 spriggan berserkers
  13 deep elf knights
  A spriggan (Depths:4)
  2 iron trolls (Depths:3)
  4 unseen horrors
  10 skeletal warriors
  A spectral death yak (Gauntlet)
  A flayed ghost (Depths:5)
  9 sea snakes
  17 deep trolls
  5 glowing orange brains
  9 deep elf archers
  4 phantasmal warriors (Depths:5)
  4 wizards
  A lindwurm (Lair:6)
  11 necromancers
  12 ironbrand convokers
  An anaconda skeleton (Volcano)
  15 orb spiders
  22 harpies
  31 wolf spiders
  14 orc knights
  36 fauns
  2 orc sorcerers
  50 deep elf magi
  5 elephants (Lair:3)
  4 cyclopes
  40 ugly things
  A frost giant skeleton (Vaults:1)
  12 merfolk sirens
  A guardian serpent (shapeshifter) (Vaults:4)
  16 manticores
  6 black mambas
  A stone giant skeleton (Vaults:1)
  2 black mambas (shapeshifter)
  A water nymph (shapeshifter) (Elf:2)
  12 vault sentinels
  An eye of devastation (Gauntlet)
  5 water nymphs
  3 molten gargoyles (Lair:6)
  3 gargoyles (Volcano)
  3 torpor snails
  Maggie (D:7)
  8 spiny frogs
  10 komodo dragons
  3 kobold demonologists
  40 yaktaurs
  2 freezing wraiths (Vaults:2)
  3 rime drakes
  11 demonic crawlers
  4 tengu conjurers (Depths:4)
  20 merfolk
  A yaktaur skeleton (Vaults:1)
  A jumping spider (shapeshifter) (Vaults:1)
  27 jumping spiders
  15 hornets
  9 trolls
  Prince Ribbit (D:9)
  A meliai zombie (D:14)
  6 wind drakes
  13 blink frogs
  A harpy skeleton (Volcano)
  17 hippogriffs
  29 slime creatures
  2 raiju (shapeshifter)
  A hippogriff (shapeshifter) (Vaults:4)
  9 dream sheep
  9 snapping turtles
  A spectral black mamba (Gauntlet)
  A stone giant simulacrum (Vaults:2)
  74 redbacks
  An alligator skeleton (Volcano)
  A tarantella (shapeshifter) (Depths:3)
  2 air elementals
  2 flying skulls (Volcano)
  A vampire (D:14)
  10 wraiths
  13 water elementals
  34 tarantellas
  6 wyverns
  11 fire elementals
  2 fire bats (Gauntlet)
  22 yaks
  A fire bat (shapeshifter) (Vaults:1)
  3 steam dragons (Lair:6)
  A golden eye (Gauntlet)
  6 hogs (Shoals:1)
  4 hungry ghosts
  6 basilisks
  A spectral komodo dragon (Gauntlet)
  5 vampire mosquitoes (D:14)
  A swamp worm (shapeshifter) (Depths:1)
  Edmund (D:6)
  9 soldier ants
  10 wargs
  A naga (shapeshifter) (Depths:3)
  A soldier ant (shapeshifter) (Vaults:3)
  An acid dragon (Vaults:2)
  A floating eye (shapeshifter) (Depths:3)
  11 hell hounds
  A water moccasin (shapeshifter) (Vaults:3)
  9 water moccasins
  9 porcupines
  66 orc warriors
  5 sky beasts
  6 ice beasts
  3 black bears
  3 eyes of draining
  A black bear (shapeshifter) (Depths:4)
  3 necrophages
  3 phantoms
  35 ogres
  6 boggarts
  28 centaurs
  4 wolves (Lair:4)
  11 crocodiles
  3 big kobolds
  15 bullfrogs
  A gnoll sergeant (D:11)
  2 earth elementals
  A glowing shapeshifter simulacrum (Vaults:3)
  A small abomination (Gauntlet)
  4 scorpions
  13 killer bees
  2 wights (D:15)
  14 electric eels
  9 howler monkeys
  5 lava snakes (Lair:6)
  5 crimson imps
  3 centaur zombies
  A human simulacrum (Vaults:2)
  4 human zombies (D:15)
  4 bullfrog zombies
  17 orc priests
  3 hounds
  12 jellies
  A quasit (D:13)
  A bullfrog skeleton (D:4)
  3 centaur skeletons
  Jessica (D:3)
  Ijyb (D:3)
  Terence (D:3)
  2 human skeletons
  6 iguanas
  18 orc wizards
  42 worker ants
  2 hound zombies
  2 naga skeletons (Volcano)
  A howler monkey zombie (D:8)
  2 worker ant zombies
  12 gnolls
  25 adders
  3 river rats (Sewer)
  2 shadow imps (D:10)
  4 oozes
  4 dart slugs
  5 worms
  4 leopard geckos
  98 orcs
  10 ball pythons (Sewer)
  4 bats
  9 giant cockroaches
  8 goblins
  6 hobgoblins
  8 jackals
  29 kobolds
  4 quokkas
  7 frilled lizards
  A leopard gecko skeleton (D:4)
  2 orc zombies (D:15)
  30 rats
  2 fungi (Lair:4)
  13 plants
2029 creatures vanquished.

Vanquished Creatures (collateral kills)
  2 stone giants (Depths:1)
  A great orb of eyes (Depths:1)
  An ogre mage (Depths:1)
4 creatures vanquished.

Vanquished Creatures (others)
  An ancient lich (Depths:2)
  A fire giant (Depths:4)
  A fire dragon (D:15)
  A wolf spider (Spider:2)
  A yaktaur (Vaults:4)
  A jumping spider (Spider:3)
  A flying skull (Volcano)
  A swamp drake (shapeshifter) (Elf:1)
  A bush (Lair:1)
  22 fungi
  143 plants
174 creatures vanquished.

Grand Total: 2207 creatures vanquished

Notes
Turn   | Place    | Note
-------+----------+-------------------------------------------
     0 | D:1      | grindst0ne the Tengu Air Elementalist began the quest for
                  | the Orb.
     0 | D:1      | Reached XP level 1. HP: 10/10 MP: 4/4
   373 | D:1      | Reached XP level 2. HP: 16/16 MP: 1/6
   754 | D:1      | Reached skill level 1 in Fighting
   999 | D:1      | Reached XP level 3. HP: 20/20 MP: 4/7
  1800 | D:2      | Reached XP level 4. HP: 25/25 MP: 3/8
  1879 | D:2      | Learned a level 4 spell: Airstrike
  1883 | D:2      | Learned a level 3 spell: Static Discharge
  2437 | D:2      | Reached skill level 5 in Air Magic
  2678 | D:2      | Gained mutation: You can fly continuously. [Tengu growth]
  2678 | D:2      | Reached XP level 5. HP: 30/30 MP: 4/10
  3511 | D:3      | Noticed Jessica
  3511 | D:3      | Noticed Ijyb
  3695 | D:3      | Killed Ijyb
  3934 | D:3      | Killed Jessica
  4588 | D:3      | Noticed Terence
  4603 | D:3      | Killed Terence
  4758 | D:4      | Reached XP level 6. HP: 36/36 MP: 3/11
  5225 | D:4      | Found a glowing silver altar of Zin.
  5259 | D:4      | Reached skill level 6 in Air Magic
  5283 | D:4      | Reached XP level 7. HP: 35/41 MP: 0/13
  5767 | D:4      | Reached skill level 5 in Conjurations
  6303 | D:5      | Entered Level 5 of the Dungeon
  6529 | D:5      | Reached XP level 8. HP: 33/48 MP: 1/15
  6550 | D:5      | Reached skill level 7 in Air Magic
  6667 | D:5      | Found an ornate altar of the Wu Jian Council.
  6715 | D:5      | Found a sacrificial altar of Ru.
  6845 | D:5      | Found a glowing drain.
  6855 | Sewer    | Entered a sewer
  7376 | Sewer    | Reached skill level 5 in Spellcasting
  7539 | D:5      | Reached skill level 5 in Fighting
  7748 | D:5      | Reached skill level 8 in Air Magic
  9184 | D:6      | Found a staircase to the Ecumenical Temple.
  9194 | Temple   | Entered the Ecumenical Temple
  9372 | D:6      | Reached XP level 9. HP: 55/55 MP: 14/18
  9440 | D:6      | Reached skill level 9 in Air Magic
  9591 | D:6      | Found an ancient bone altar of Kikubaaqudgha.
  9795 | D:6      | Noticed Edmund
  9801 | D:6      | Killed Edmund
 10465 | D:6      | Found a radiant altar of Vehumet.
 10473 | D:6      | Became a worshipper of Vehumet
 10512 | D:7      | Noticed Maggie
 10519 | D:7      | Killed Maggie
 10634 | D:7      | Found a stormy altar of Qazlal.
 10702 | D:7      | Reached skill level 10 in Air Magic
 10884 | D:7      | Found a flagged portal.
 10932 | Bailey   | Entered a bailey
 10937 | Bailey   | Reached XP level 10. HP: 52/63 MP: 5/21
 11506 | Bailey   | Noticed an orc knight
 11510 | Bailey   | Reached * piety under Vehumet
 11510 | Bailey   | Offered knowledge of Magic Dart by Vehumet.
 11510 | Bailey   | Reached skill level 11 in Air Magic
 11894 | Bailey   | Killed an orc knight
 12554 | D:7      | Found a sparkling altar of Nemelex Xobeh.
 13076 | D:8      | Found a blossoming altar of Fedhas.
 13076 | D:8      | Found a snail-covered altar of Cheibriados.
 13434 | D:8      | Reached skill level 1 in Evocations
 13799 | D:8      | Found a bloodstained altar of Trog.
 14122 | D:8      | Noticed a two-headed ogre
 14127 | D:8      | Killed a two-headed ogre
 14127 | D:8      | Reached skill level 12 in Air Magic
 14127 | D:8      | Reached XP level 11. HP: 71/71 MP: 12/24
 14197 | D:8      | Offered knowledge of Sandblast by Vehumet.
 14442 | D:9      | Reached ** piety under Vehumet
 14843 | D:9      | Found a shattered altar of Ashenzari.
 15350 | D:9      | Noticed Prince Ribbit
 15353 | D:9      | Killed Prince Ribbit
 15449 | D:10     | Entered Level 10 of the Dungeon
 15449 | D:10     | Noticed a two-headed ogre
 15454 | D:10     | Killed a two-headed ogre
 15536 | D:10     | Learned a level 2 spell: Swiftness
 15586 | D:10     | Noticed an eight-headed hydra
 15617 | D:10     | Killed an eight-headed hydra
 15713 | D:10     | Reached skill level 5 in Dodging
 16138 | D:10     | Noticed Erolcha
 16144 | D:10     | Killed Erolcha
 16183 | D:10     | Offered knowledge of Dazzling Flash by Vehumet.
 16188 | D:10     | Learned a level 3 spell: Dazzling Flash
 16317 | D:10     | Identified a scroll of acquirement
 16325 | D:10     | Got the Catalogue of the Toxic Oath
 16330 | D:10     | Learned a level 3 spell: Mephitic Cloud
 16381 | D:10     | Found a runed translucent door.
 16598 | D:10     | Noticed a centaur warrior
 16600 | D:10     | Noticed a tengu warrior
 16604 | D:10     | Killed a centaur warrior
 16604 | D:10     | Reached skill level 13 in Air Magic
 16608 | D:10     | Killed a tengu warrior
 16608 | D:10     | Reached skill level 10 in Fighting
 16608 | D:10     | Reached skill level 5 in Evocations
 16901 | D:10     | Found a staircase to the Orcish Mines.
 16946 | D:10     | Found a runed translucent door.
 16948 | D:10     | Noticed HoaS's ghost (journeyman GrGl)
 16949 | D:10     | Noticed a deep troll earth mage
 17013 | D:10     | Reached *** piety under Vehumet
 17013 | D:10     | Reached XP level 12. HP: 33/77 MP: 2/25
 17720 | D:10     | Got a crystal dagger
 17722 | D:10     | Got an encrusted leather armour
 17725 | D:10     | Got an encrusted leather armour
 17760 | D:10     | Identified the +3 leather armour "Reib" {rElec rPois Int+4}
                  | (You found it on level 10 of the Dungeon)
 17770 | D:10     | Identified the +3 leather armour of Valour {rElec rF+ MR+
                  | Dex-3} (You found it on level 10 of the Dungeon)
 18244 | D:10     | Found a viscous altar of Jiyva.
 18500 | D:11     | Identified the +4 dagger of Ferocious Conscience {venom,
                  | rElec rC+ rN+} (You found it on level 10 of the Dungeon)
 18662 | D:11     | Offered knowledge of Iskenderun's Mystic Blast by Vehumet.
 19264 | D:11     | Found a staircase to the Lair.
 19314 | D:11     | Reached skill level 14 in Air Magic
 19810 | D:11     | Reached **** piety under Vehumet
 20112 | Lair:1   | Entered Level 1 of the Lair of Beasts
 20754 | Lair:1   | Offered knowledge of Ignite Poison by Vehumet.
 21764 | Lair:1   | Got a faintly glowing plate armour
 21767 | Lair:1   | Identified the +8 plate armour of Fiorous {+Blink Stlth+}
                  | (You found it on level 1 of the Lair of Beasts)
 22069 | Lair:2   | Noticed Harold
 22208 | Lair:2   | Killed Harold
 22208 | Lair:2   | Reached XP level 13. HP: 84/84 MP: 1/27
 22240 | Lair:2   | Found a dark tunnel.
 22257 | Volcano  | Entered a volcano
 24762 | Lair:3   | Reached skill level 10 in Dodging
 25056 | Lair:3   | Found a staircase to the Shoals.
 25377 | Lair:3   | Learned a level 1 spell: Summon Butterflies
 25941 | Lair:3   | Found a runed translucent door.
 25941 | Lair:3   | Noticed Xiemaice's ghost (journeyman DrFE)
 26593 | Lair:4   | Found a hole to the Spider Nest.
 28042 | Lair:5   | Reached skill level 10 in Spellcasting
 28199 | Lair:5   | Found a gate leading to a gauntlet.
 28206 | Gauntlet | Entered a Gauntlet
 28206 | Gauntlet | Found a runed translucent door.
 28206 | Gauntlet | Found a transporter.
 28230 | Gauntlet | Found a runed translucent door.
 28232 | Gauntlet | Found a transporter.
 28236 | Gauntlet | Found a transporter.
 28248 | Gauntlet | Found a transporter.
 28256 | Gauntlet | Found a transporter.
 28262 | Gauntlet | Found a transporter.
 28270 | Gauntlet | Found a transporter.
 28274 | Gauntlet | Found a transporter.
 28285 | Gauntlet | Found a transporter.
 28303 | Gauntlet | Found a transporter.
 28315 | Gauntlet | Found a transporter.
 28327 | Gauntlet | Found a transporter.
 28330 | Gauntlet | Found a transporter.
 28339 | Gauntlet | Found a transporter.
 28545 | Gauntlet | Reached skill level 15 in Air Magic
 28552 | Gauntlet | Reached ***** piety under Vehumet
 28552 | Gauntlet | Reached XP level 14. HP: 46/92 MP: 12/29
 28560 | Gauntlet | Offered knowledge of Freezing Cloud by Vehumet.
 28564 | Gauntlet | Got a steaming ivory ring
 28860 | Gauntlet | Identified the ring "Wepisoh" {rElec rC+ rN+ AC+4 Stlth-}
                  | (You found it in a Gauntlet)
 28901 | Gauntlet | Got a slimy glass ring
 28902 | Gauntlet | Identified the ring "Ehiarph" {Fire Int+5} (You found it in
                  | a Gauntlet)
 29145 | Gauntlet | Identified the +7 acid dragon scales of Pata {Harm rPois
                  | rCorr}
 29197 | Gauntlet | Identified Pele's Grimoire of Moulding
 29207 | Gauntlet | Learned a level 6 spell: Statue Form
 29216 | Gauntlet | Identified the cursed +1 ring mail of Pantheism {rF+ Regen+
                  | rCorr} (You found it in a Gauntlet)
 29221 | Gauntlet | Learned a level 1 spell: Apportation
 29462 | Lair:5   | Reached skill level 1 in Shields
 30343 | Lair:6   | Entered Level 6 of the Lair of Beasts
 30809 | Lair:6   | Reached skill level 16 in Air Magic
 31927 | Lair:6   | Found a staircase to the Slime Pits.
 32306 | Lair:6   | Found a large runed translucent door.
 32308 | Lair:6   | Found a large runed translucent door.
 33764 | D:12     | Reached skill level 5 in Shields
 34024 | D:12     | Noticed Josephine
 34041 | D:12     | Killed Josephine
 34568 | D:12     | Identified the +4 trident "Ziunif" {vamp, Str+2} (You found
                  | it on level 12 of the Dungeon)
 34647 | D:13     | Found Qalimic's Armour Boutique.
 34655 | D:13     | Reached XP level 15. HP: 99/99 MP: 4/30
 34973 | D:13     | Found Liobum's Jewellery Shoppe.
 34985 | D:13     | Reached skill level 17 in Air Magic
 34987 | D:13     | Bought an uncursed amulet of magic regeneration for 420
                  | gold pieces
 35054 | D:13     | Found Goelixos's Distillery.
 35830 | D:12     | Learned a level 6 spell: Freezing Cloud
 35856 | D:13     | Noticed Frances
 35878 | D:13     | Killed Frances
 36355 | D:13     | Found Sobidd's Antique Armour Shop.
 36392 | D:13     | Reached skill level 1 in Ice Magic
 36570 | D:14     | Offered knowledge of Conjure Ball Lightning by Vehumet.
 37268 | D:14     | Noticed Snorg
 38006 | D:14     | Killed Snorg
 38303 | D:14     | Found a gate to the Vaults.
 39057 | D:15     | Entered Level 15 of the Dungeon
 39057 | D:15     | Found a runed translucent door.
 39057 | D:15     | Noticed Ityacy's ghost (adept GrEE)
 39284 | D:15     | Offered knowledge of Yara's Violent Unravelling by Vehumet.
 39472 | D:15     | Noticed Agnes
 39479 | D:15     | Killed Agnes
 40179 | D:15     | Reached skill level 18 in Air Magic
 40341 | D:15     | Identified the +3 trident of the Candle {drain, *Contam
                  | rPois rF+++ MP-9} (You found it on level 15 of the Dungeon)
 40790 | D:15     | Found an ancient bone altar of Kikubaaqudgha.
 41302 | D:15     | Reached XP level 16. HP: 105/105 MP: 12/31
 41407 | D:15     | Found a staircase to the Depths.
 41555 | Orc:1    | Entered Level 1 of the Orcish Mines
 41987 | Orc:2    | Entered Level 2 of the Orcish Mines
 42180 | Orc:2    | Found a staircase to the Elven Halls.
 43147 | Orc:2    | Offered knowledge of Irradiate by Vehumet.
 43533 | Orc:2    | Noticed Donald
 43625 | Orc:2    | Killed Donald
 43625 | Orc:2    | Reached skill level 10 in Evocations
 44120 | Orc:2    | Found a roughly hewn altar of Beogh.
 44189 | Orc:2    | Found Vehuapross's Magic Scroll Shop.
 44197 | Orc:2    | Bought a scroll of blinking for 120 gold pieces
 44197 | Orc:2    | Bought a scroll of blinking for 120 gold pieces
 44280 | Orc:2    | Found Lotybur's Assorted Antiques.
 44280 | Orc:2    | Found Sang's Gadget Shoppe.
 44280 | Orc:2    | Found Nusuy's Magic Scroll Emporium.
 44283 | Orc:2    | Found Ronemuse's Distillery.
 44297 | Orc:2    | Bought a thick hardcover book for 480 gold pieces
 44297 | Orc:2    | Bought a leatherbound book for 480 gold pieces
 44304 | Orc:2    | Learned a level 5 spell: Lee's Rapid Deconstruction
 44305 | Orc:2    | Bought a wand of clouds (5) for 378 gold pieces
 44305 | Orc:2    | Bought a wand of acid (5) for 252 gold pieces
 44499 | Spider:1 | Entered Level 1 of the Spider Nest
 45239 | Lair:4   | Reached skill level 1 in Axes
 45889 | Spider:1 | Offered knowledge of Fireball by Vehumet.
 46000 | Spider:1 | Learned a level 5 spell: Fireball
 46437 | Spider:1 | Reached skill level 19 in Air Magic
 47156 | Spider:1 | Found the +3 crown of Dyrovepreva {rElec Int+2 SInv}
 47394 | Spider:2 | Reached skill level 10 in Shields
 47394 | Spider:2 | Reached skill level 1 in Fire Magic
 48312 | Spider:2 | Offered knowledge of Ozocubu's Refrigeration by Vehumet.
 48948 | Lair:4   | Learned a level 5 spell: Lee's Rapid Deconstruction
 49084 | Spider:1 | Reached XP level 17. HP: 71/111 MP: 5/32
 49944 | Spider:3 | Noticed Bai Suzhen
 50036 | Spider:2 | Killed Bai Suzhen
 50036 | Spider:2 | Reached skill level 1 in Earth Magic
 50292 | Spider:3 | Noticed Arachne
 50444 | Spider:3 | Killed Arachne
 50777 | Spider:4 | Entered Level 4 of the Spider Nest
 50816 | Spider:4 | Identified Roxanne's Tome of Moulding
 50816 | Spider:4 | Noticed Roxanne
 50821 | Spider:4 | Noticed Louise
 51119 | Spider:4 | Noticed Nikola
 51139 | Spider:3 | Killed Nikola
 51386 | Shoals:1 | Entered Level 1 of the Shoals
 51706 | Shoals:1 | Noticed Kirke
 51728 | Shoals:1 | Killed Kirke
 51728 | Shoals:1 | Reached skill level 10 in Conjurations
 51911 | Shoals:1 | Offered knowledge of Chain Lightning by Vehumet.
 52702 | Shoals:2 | Reached skill level 5 in Axes
 53769 | Shoals:2 | Reached skill level 20 in Air Magic
 54543 | Shoals:2 | Learned a level 8 spell: Chain Lightning
 54833 | Shoals:3 | Reached XP level 18. HP: 94/116 MP: 14/33
 55569 | Shoals:3 | Reached skill level 5 in Fire Magic
 56066 | Shoals:3 | Identified the +0 leather armour of the Good {MR+}
 56208 | Shoals:3 | Learned a level 2 spell: Blink
 57061 | Shoals:4 | Entered Level 4 of the Shoals
 57250 | Shoals:4 | Found a flickering gateway to a bazaar.
 57259 | Bazaar   | Entered a bazaar
 57259 | Bazaar   | Found Orpheir's Antique Armour Boutique.
 57596 | Bazaar   | Found Fuocvam's Antique Weapon Emporium.
 57616 | Bazaar   | Found Degeimei's Gadget Boutique.
 57627 | Bazaar   | Found Weacviarch's General Store.
 57635 | Bazaar   | Found Qijutouc's Magic Scroll Shoppe.
 57643 | Bazaar   | Bought a scroll of blinking for 52 gold pieces
 57643 | Bazaar   | Bought a scroll of teleportation for 21 gold pieces
 57643 | Bazaar   | Bought a scroll of enchant armour for 52 gold pieces
 57643 | Bazaar   | Bought a scroll of blinking for 52 gold pieces
 57643 | Bazaar   | Bought a scroll of fear for 24 gold pieces
 57643 | Bazaar   | Bought a scroll of teleportation for 21 gold pieces
 57643 | Bazaar   | Bought a scroll of teleportation for 21 gold pieces
 57643 | Bazaar   | Bought a scroll of blinking for 52 gold pieces
 57654 | Bazaar   | Bought a distressingly furry buckler for 190 gold pieces
 57656 | Bazaar   | Identified the cursed -4 buckler "Polell" {Str+2} (You
                  | bought it in a shop in a bazaar)
 57679 | Bazaar   | Bought a wand of iceblast (9) for 117 gold pieces
 57949 | Shoals:4 | Reached skill level 1 in Translocations
 58913 | Shoals:4 | Reached ****** piety under Vehumet
 58936 | Shoals:4 | Offered knowledge of Shatter by Vehumet.
 58936 | Shoals:4 | Offered knowledge of Tornado by Vehumet.
 58936 | Shoals:4 | Offered knowledge of Ignition by Vehumet.
 59070 | Shoals:4 | Got a barnacled rune of Zot
 59313 | Shoals:4 | Identified the ring of Cioxeir {rPois rF+ rN+ MR+ SInv}
 60648 | Spider:4 | Killed Louise
 60793 | Spider:4 | Killed Roxanne
 61511 | Spider:4 | Reached XP level 19. HP: 58/121 MP: 1/35
 61870 | Spider:4 | Reached skill level 21 in Air Magic
 63380 | Spider:4 | Got a gossamer rune of Zot
 64064 | Vaults:1 | Entered Level 1 of the Vaults
 64075 | Vaults:1 | Learned a level 9 spell: Tornado
 64725 | Vaults:1 | Upgraded the game from 0.25.0-10-g039870ee82 to
                  | 0.25.0-11-g1f837a76a1
 66148 | Vaults:1 | Noticed a Hell Sentinel
 66850 | Vaults:2 | Found Xaina's Distillery.
 66862 | Vaults:2 | Bought a potion of curing for 48 gold pieces
 66862 | Vaults:2 | Bought a potion of curing for 48 gold pieces
 66862 | Vaults:2 | Bought a potion of curing for 48 gold pieces
 66862 | Vaults:2 | Bought a potion of mutation for 128 gold pieces
 66963 | Vaults:2 | Reached skill level 22 in Air Magic
 67632 | Vaults:2 | Found a staircase to the Crypt.
 67646 | Vaults:2 | Identified the amulet of Xemorgh {Reflect rElec rN+ MP+9
                  | SH+5} (You found it on level 2 of the Vaults)
 68026 | Vaults:2 | Reached XP level 20. HP: 126/127 MP: 28/37
 70628 | Vaults:3 | Reached skill level 15 in Shields
 70958 | Vaults:3 | Reached skill level 23 in Air Magic
 72143 | Vaults:4 | Identified the ring "Memee" {rF++ rN+ MR+ Str+6}
 72276 | Vaults:4 | Noticed a Tzitzimitl
 73120 | Vaults:4 | Reached skill level 24 in Air Magic
 73168 | Vaults:4 | Reached XP level 21. HP: 132/132 MP: 14/39
 73564 | Vaults:4 | Found Sufokh's Antique Weapon Boutique.
 73564 | Vaults:4 | Found Doim's Food Boutique.
 73564 | Vaults:4 | Found Eshek's Antique Armour Boutique.
 74248 | Vaults:4 | Bought a ration for 55 gold pieces
 74248 | Vaults:4 | Bought a ration for 55 gold pieces
 74248 | Vaults:4 | Bought a ration for 55 gold pieces
 74248 | Vaults:4 | Bought a ration for 55 gold pieces
 74248 | Vaults:4 | Bought a ration for 55 gold pieces
 74248 | Vaults:4 | Bought a ration for 55 gold pieces
 74248 | Vaults:4 | Bought a ration for 55 gold pieces
 74248 | Vaults:4 | Bought a ration for 55 gold pieces
 74248 | Vaults:4 | Bought a ration for 55 gold pieces
 75708 | Depths:1 | Entered Level 1 of the Depths
 75717 | Depths:1 | Found a gateway to a ziggurat.
 76076 | Depths:1 | Learned a level 4 spell: Summon Lightning Spire
 76100 | Depths:1 | Reached skill level 15 in Spellcasting
 76527 | Depths:1 | Found Fuhek's Jewellery Shoppe.
 76527 | Depths:1 | Found Adghesur's General Store.
 76859 | Depths:1 | Found a one-way gate to the infinite horrors of the Abyss.
 77136 | Depths:1 | Found a gateway to Hell.
 77139 | Depths:1 | Identified the +6 short sword of Evil {protect, MR+}
 78516 | Depths:2 | Found the +6 Majin-Bo {vamp, Archmagi MP+6 Int+6}
 78521 | Depths:2 | Noticed an ancient lich
 78530 | Depths:2 | Paralysed by an ancient lich for 7 turns
 78542 | Depths:2 | Paralysed by an ancient lich for 4 turns
 78543 | Depths:2 | Killed an ancient lich
 78996 | Depths:2 | Reached XP level 22. HP: 137/137 MP: 40/43
 79959 | Depths:3 | Noticed Frederick
 79971 | Depths:3 | Killed Frederick
 80054 | Depths:3 | Learned a level 4 spell: Passage of Golubria
 80440 | Depths:3 | Learned a level 6 spell: Statue Form
 80639 | Elf:1    | Entered Level 1 of the Elven Halls
 80813 | Elf:1    | Noticed Azrael
 80816 | Elf:1    | Killed Azrael
 80907 | Elf:1    | Reached skill level 1 in Transmutations
 81551 | Elf:1    | Found Qym Oseyf's Book Emporium.
 81551 | Elf:1    | Found Weciof's Assorted Antiques.
 81554 | Elf:1    | Found Batt's Weapon Emporium.
 81562 | Elf:1    | Bought a wand of clouds (5) for 288 gold pieces
 81562 | Elf:1    | Bought a papyrus book for 360 gold pieces
 81566 | Elf:1    | Bought a potion of curing for 72 gold pieces
 82780 | Elf:2    | Found a runed translucent gate.
 82780 | Elf:2    | Found a runed translucent gate.
 82781 | Elf:2    | Found a runed translucent gate.
 83284 | Elf:2    | Reached skill level 5 in Earth Magic
 83549 | Elf:3    | Entered Level 3 of the Elven Halls
 84867 | Elf:3    | Identified the ring of Agnosticism {Wiz Str+2}
 85019 | Elf:3    | Identified the +6 falchion "Ystruin" {holy, rN++ Int-5}
 85026 | Elf:3    | Reached skill level 15 in Fighting
 85137 | Elf:3    | Reached XP level 23. HP: 140/144 MP: 8/45
 85334 | Elf:3    | Identified the +6 chain mail "Wesif" {Harm rC- Regen+}
 85352 | Elf:3    | Reached skill level 5 in Transmutations
 85434 | Elf:3    | Identified the cursed +1 chain mail "Syus" {Regen+ MP+9
                  | Dex+2}
 86118 | Elf:3    | Identified the Almanac of Mutagenic Companions
 86492 | D:15     | Killed Ityacy's ghost
 87648 | Depths:3 | You are sucked into a shaft and drop 2 floors!
 87648 | Depths:5 | Entered Level 5 of the Depths
 87680 | Depths:5 | Noticed a caustic shrike
 87682 | Depths:5 | Noticed a caustic shrike
 87683 | Depths:5 | Noticed a caustic shrike
 87684 | Depths:5 | Noticed a caustic shrike
 87684 | Depths:5 | Noticed a caustic shrike
 87690 | Depths:5 | Noticed a juggernaut
 87729 | Depths:5 | Noticed a golden dragon
 88228 | Depths:3 | Found Irphablod's Demolitions Depot.
 88242 | Depths:3 | Bought a wand of clouds (6) for 660 gold pieces
 88959 | Depths:3 | Found a one-way gate leading to the halls of Pandemonium.
 89405 | Depths:4 | Found Gebloina's Gadget Emporium.
 89773 | Depths:4 | Reached skill level 10 in Transmutations
 89890 | Depths:4 | Reached XP level 24. HP: 82/151 MP: 25/45
 90978 | Depths:4 | Identified the +0 robe of Somewhere Else {Str+3} (You found
                  | it on level 4 of the Depths)
 91020 | Depths:4 | Found a radiant altar of Vehumet.
 91030 | Depths:4 | Identified the +0 robe of Miracles {+Blink Regen+ Slay+2}
                  | (You found it on level 4 of the Depths)
 91106 | Depths:4 | Found Ahaf's Gadget Boutique.
 91106 | Depths:4 | Found Xoxkiyfa's Jewellery Emporium.
 91108 | Depths:4 | Found Lazxahu's Gadget Boutique.
 92399 | Depths:4 | Killed a caustic shrike
 92399 | Depths:4 | Killed a caustic shrike
 92566 | Depths:4 | Killed a caustic shrike
 92566 | Depths:4 | Killed a caustic shrike
 92618 | Depths:5 | Killed a caustic shrike
 93054 | Depths:5 | Killed a juggernaut
 93383 | Depths:5 | Reached XP level 25. HP: 105/156 MP: 9/45
 93602 | Depths:5 | Found a gate to the Realm of Zot.
 94186 | Vaults:5 | Entered Level 5 of the Vaults
 94189 | Vaults:5 | Reached skill level 15 in Transmutations
 94192 | Vaults:5 | Identified the +6 tower shield of Wariness {*Contam +Blink
                  | rF+ SInv}
 94192 | Vaults:5 | Noticed Mennas
 94259 | Vaults:5 | HP: 9/202 [quicksilver dragon (5)]
 94260 | Vaults:5 | HP: 4/202 [Mennas/+0 trishula of holy wrath (13)]
 94260 | Vaults:5 | Slain by a tentacled monstrosity

Illustrated notes

Levels and vault maps discovered:
D:1:      tarquinn_simple_flora_water_b, layout_loops_ring, st_stairs_10
D:2:      layout_basic, amethyst_killhole
D:3:      layout_basic, uniq_jessica, uniq_terence, uniq_ijyb
D:4:      layout_cave_pools, kennysheep_mini_moat, minmay_joined_circles
D:5:      layout_loops_corners, nicolae_ru_sacrificial_ziggurat,
          kennysheep_mini, first_ration, cheibrodos_sewer_entry_drain
D:6:      black_bear_nest_1, layout_loops_ring, old_standard_altar,
          lemuel_round_altar, minmay_temple_entry_glass, uniq_edmund
D:7:      layout_loops_ring, lemuel_doored_altar, enter_bailey_2,
          nemelex_xobeh_ov_fountains_minmay, uniq_maggie
D:8:      layout_loops_ring, old_standard_altar, gammafunk_temple_overflow_wave
D:9:      layout_grid_maze, old_standard_altar, uniq_prince_ribbit1
D:10:     minmay_the_grid_triangle_9x9_rhombus_full
          [minmay_the_grid_triangle_9x9_swiss_cheese,
          minmay_the_grid_triangle_9x9_dagger,
          minmay_the_grid_triangle_9x9_minimal,
          minmay_the_grid_triangle_9x9_negative_grid,
          minmay_the_grid_triangle_9x9_steps,
          minmay_the_grid_triangle_9x9_flanged_cone,
          minmay_the_grid_triangle_9x9_subtriangle,
          minmay_the_grid_triangle_9x9_prize_center], layout_long_grid,
          ebering_ghost_inner_flame, hangedman_pestilent_swarm, jiyva_altar_1,
          uniq_erolcha
D:11:     layout_irregular_city, lair_entry_dummy
D:12:     layout_rooms, uniq_josephine
D:13:     layout_rooms, serial_shops, shop, shop_statue, shop, shop,
          uniq_frances
D:14:     layout_irregular_city, erik_vaults_1, kennysheep_generic_room_6,
          uniq_snorg
D:15:     grunt_enter_depths_hoard, layout_small_grid, serial_bayou_pond_e,
          hellmonk_ghost_happy_afterlife, minivault_16,
          lemuel_mausoleum_altar_kikubaaqudgha, uniq_agnes
Temple:   minmay_temple_bridge_abc
Lair:1:   minmay_lair_venomous_thicket, layout_gridlike, serial_forest,
          infiniplex_forest_lined_ring, infiniplex_forest_clump_double,
          infiniplex_forest_end_2, infiniplex_forest_straight_2,
          infiniplex_forest_lined_corner, infiniplex_forest_clump_cross
Lair:2:   layout_layer_cave, enter_volcano_4, uniq_harold
Lair:3:   layout_hall_layers, minmay_shoals_entry_beasts, serial_bayou,
          serial_bayou_ford_a, serial_bayou_lake_a, serial_bayou_pond_d,
          serial_bayou_crossing, gammafunk_ghost_grave,
          nicolae_lair_grove_arrangements
Lair:4:   layout_regular_city, dummy_spider_entry, nicolae_lair_yak_garden,
          infiniplex_staircase_pool
Lair:5:   layout_small_grid, gauntlet_entry_generic
Lair:6:   cheibrodos_lair_end_hotspot, layout_regular_city, slime_dummy,
          chequers_serial_rivers_micro_c, serial_bayou_shore_a
Shoals:1: layout_shoals, uniq_kirke
Shoals:2: layout_shoals, st_sunken_temple
Shoals:3: layout_shoals, nicolae_shoals_water_elemental_grotto
Shoals:4: shoals_end_grunt_garden, layout_shoals, serial_shops,
          bzr_entry_customers, nicolae_shoals_isolated_beach
Spider:1: layout_spider_delve
Spider:2: layout_spider_delve
Spider:3: layout_spider_delve, hangedman_spider_mandibles, uniq_arachne,
          uniq_bai_suzhen
Spider:4: spider_rune_water, drop_trap, minmay_another_anthill, uniq_louise,
          uniq_roxanne, uniq_nikola
Orc:1:    layout_caves
Orc:2:    st_orc_rangers, layout_caves, serial_shops, nicolae_shop_behind_doors,
          mines1_david, uniq_donald
Elf:1:    layout_gridlike, minmay_elf_crystal_hexagon, grunt_ministairs_4,
          hangedman_elf_targetted_burst, minmay_shop_star, uniq_azrael
Elf:2:    layout_geoelf_octagon
Elf:3:    elf_hall_gauntlet_narrow, layout_geoelf_castle, guppyfry_elf_castle
Vaults:1: v_alt_pattern_6, hangedman_vaults_nails, ontoclasm_vaults_shuriken,
          vaults_room_semicircle, nicolae_vaults_border_crossing,
          vaults_room_door_ring, v_misc_15, layout_vaults_omnigrid
Vaults:2: v_alt_pattern_1, nicolae_vaults_windows_and_doors_thing,
          hangedman_vaults_stretched_pinwheel, v_misc_8, vaults_mumra_lcd,
          v_misc_1, nicolae_vaults_little_ls, vaults_room_boxed, v_misc_13,
          vaults_dpeg_encased_lava, layout_vaults_chaotic_city,
          dummy_crypt_entry, serial_shops, shop, uniq_margery
Vaults:3: hangedman_vaults_maws, hangedman_vaults_river_flow,
          vaults_room_semicircle, v_pattern_5, nicolae_vaults_little_squares_6,
          vaults_room_door_ring, hangedman_vaults_slice, hangedman_vaults_hat,
          nicolae_vaults_circle_grid_b, vaults_dpeg_cross,
          vaults_room_ringed_pool, v_misc_5,
          hangedman_vaults_stretched_pinwheel, nicolae_vaults_shelves_hall,
          grunt_vaults_hallway_short, layout_vaults_ring
Vaults:4: nicolae_vaults_big_ls, v_misc_25, nicolae_vaults_ninety_degrees,
          hangedman_vaults_hard_town_square, grunt_vaults_hallway_long,
          nicolae_vaults_network_periphery, vaults_mumra_minichess_inversion,
          vaults_room_semicircle, hangedman_vaults_restitches,
          nicolae_vaults_what_the_h, layout_vaults_omnicross
Vaults:5: serial_shops, uniq_mennas
Depths:1: layout_cave_pools, enter_ziggurat_f, abyss_entry, grunt_metal_band,
          minmay_misc_feat_secret_circle, minmay_holes, minmay_alternating_orb,
          kennysheep_random_hallway, minmay_shoptagon
Depths:2: minmay_guarded_unrand_majin_bo, layout_gridville,
          minmay_misc_feat_tower, hell_entry, kennysheep_generic_room_5,
          infiniplex_staircase_spiral
Depths:3: minmay_big_diamond_grid, layout_cave_shapes, rand_demon_pan_entry_7,
          solitary_fountain, hell_entry, hangedman_decor_riveting,
          nicolae_blasting_shop, uniq_frederick
Depths:4: minmay_connected_boxes_in_corner, layout_long_grid, serial_shops,
          shop, hell_entry, abyss_entry_small_statue_room,
          minmay_misc_feat_columns, roderic_lattice_a, grunt_tower_of_power,
          minmay_shop_grove
Depths:5: grunt_twist_and_shout, layout_cave_pools, hangedman_coc_ice_floe,
          serial_glass, glass_columns_a, glass_columns_b, nrook_mini_vaults

Skill      XL: |  1  2  3  4  5  6  7  8  9 10 11 12 13 14 15 16 17 18 19 20 21 22 23 24 25 |
---------------+----------------------------------------------------------------------------+-----
Conjurations   | 2 3 4 5 6 7 9 10 11 | 11.3
Fighting       | 1 2 3 4 5 7 9 10 11 12 13 14 15 | 15.3
Air Magic      | 5 6 8 10 12 13 14 15 16 18 19 20 22 24 | 24.1
Spellcasting   | 3 4 5 7 8 9 10 11 12 13 16 17 | 17.0
Evocations     | 2 5 7 8 9 10 | 10.0
Dodging        | 3 6 9 10 12 | 12.4
Shields        | 5 8 10 11 12 14 15 | 15.0
Ice Magic      | 3 4 |  4.0
Axes           | 3 5 7 |  7.0
Fire Magic     | 2 4 5 |  5.0
Earth Magic    | 2 4 5 7 |  7.0
Translocations | 2 3 4 |  4.6
Transmutations | 4 10 14 15 | 15.1
Stealth        | |  2.0

Action                   |  1- 3 |  4- 6 |  7- 9 | 10-12 | 13-15 | 16-18 | 19-21 | 22-24 | 25-27 || total
-------------------------+-------+-------+-------+-------+-------+-------+-------+-------+-------++-------
Melee: Unarmed           |     7 |    30 |       |       |       |       |       |       |       ||    37
       Peck              |     1 |     2 |     3 |     7 |    12 |    10 |    81 |     5 |     3 ||   124
       Kick              |     1 |       |     3 |     8 |    20 |    25 |   107 |    19 |     1 ||   184
       Dagger            |       |       |    16 |    27 |    87 |     7 |       |       |       ||   137
       Broad axe         |       |       |       |       |       |   104 |   391 |     1 |     5 ||   501
       Staff             |       |       |       |       |       |     1 |    54 |    34 |       ||    89
Throw: Boomerang         |       |     3 |     9 |     9 |    15 |     3 |       |       |       ||    39
       Dart              |       |       |     2 |    11 |    12 |     2 |       |     4 |       ||    31
       Throwing net      |       |       |       |       |     4 |     9 |     4 |       |       ||    17
 Cast: Shock             |    65 |   142 |   298 |   201 |    57 |     9 |       |       |       ||   772
       Static Discharge  |       |       |     3 |       |    17 |     1 |       |       |       ||    21
       Airstrike         |       |       |    32 |   300 |   819 |   799 |   517 |   466 |     8 ||  2941
       Mephitic Cloud    |       |       |       |     4 |    11 |     4 |       |       |       ||    19
       Dazzling Flash    |       |       |       |     3 |     7 |       |       |       |       ||    10
       Swiftness         |       |       |       |     1 |     2 |     1 |       |       |       ||     4
       Summon Butterflie |       |       |       |       |     1 |       |     1 |       |       ||     2
       Freezing Cloud    |       |       |       |       |       |    42 |    58 |    20 |       ||   120
       Fireball          |       |       |       |       |       |   300 |   104 |    11 |       ||   415
       Lee's Rapid Decon |       |       |       |       |       |    11 |     7 |     3 |       ||    21
       Chain Lightning   |       |       |       |       |       |     5 |    93 |   146 |     3 ||   247
       Blink             |       |       |       |       |       |       |     3 |     9 |     1 ||    13
       Tornado           |       |       |       |       |       |       |     4 |    35 |     1 ||    40
       Summon Lightning  |       |       |       |       |       |       |     3 |     1 |       ||     4
       Statue Form       |       |       |       |       |       |       |       |     5 |     3 ||     8
 Abil: Fly               |       |     1 |       |       |       |       |       |       |       ||     1
Evoke: Wand              |       |       |    11 |    23 |    22 |    18 |    28 |     6 |     1 ||   109
       Tin of tremorston |       |       |       |       |     5 |    12 |     4 |     2 |     1 ||    24
       Phantom mirror    |       |       |       |       |     1 |       |       |       |       ||     1
       Staff of energy   |       |       |       |       |       |    11 |     8 |     3 |       ||    22
       Lightning rod     |       |       |       |       |       |     7 |     3 |       |       ||    10
  Use: Scroll            |     4 |     6 |     4 |    13 |    15 |    29 |    15 |    24 |       ||   110
       Potion            |       |       |       |     4 |    10 |    13 |     6 |    14 |     1 ||    48
 Stab: Paralysed         |       |       |       |    12 |    32 |    11 |     4 |     1 |       ||    60
       Distracted        |       |       |       |     1 |       |       |       |       |       ||     1
       Confused          |       |       |       |       |     4 |       |       |       |       ||     4
       Held in net/web   |       |       |       |       |       |     3 |     1 |       |       ||     4
  Eat: Chunk             |     3 |     8 |    18 |    33 |    44 |    61 |    63 |    31 |       ||   261
       Ration            |       |     1 |     1 |     7 |    12 |    22 |    13 |     4 |     1 ||    61
Armor: Robe              |     2 |     4 |    31 |       |       |       |       |    33 |       ||    70
       Steam dragon scal |       |       |     7 |    22 |       |       |       |       |       ||    29
       Skin              |       |       |       |     2 |    14 |       |       |    45 |    29 ||    90
       Leather armour    |       |       |       |     9 |   106 |   230 |   150 |   121 |       ||   616
       Troll leather arm |       |       |       |       |     7 |       |       |       |       ||     7
Dodge: Dodged            |    11 |    36 |   125 |   137 |   428 |   685 |   388 |   197 |    49 ||  2056
Block: Kite shield       |       |       |       |       |    44 |   627 |   640 |   274 |    37 ||  1622
       Reflection        |       |       |       |       |       |       |    62 |    53 |       ||   115
